 Dungeon Crawl Stone Soup version 0.32-a0-18-g89e19f1974 (webtiles) character file.

Game seed: 5869597738860338840

650 Hellonello the Martial Artist (level 7, -8/43 HPs)
             Began as an Octopode Shapeshifter on Jan 16, 2024.
             Mangled by an ogre
             ... wielding a +0 giant club
              (22 damage)
             ... on level 5 of the Dungeon.
             The game lasted 00:08:59 (4113 turns).

Hellonello the Martial Artist (OpSh)                Turns: 4113, Time: 00:09:00

Health: -8/43      AC:  5    Str: 19    XL:     7   Next: 53%
Magic:  7/7        EV: 13    Int: 13    God:
Gold:   66         SH:  0    Dex: 19    Spells: 6/6 levels left

rFire   . .          .
                       - Unarmed
rCold   x . .        (no shield)
rNeg    . . .        (helmet currently unavailable)
rPois   .            e - amulet of the acrobat
rElec   .            g - +4 ring of protection
rCorr   .            i - +6 ring of dexterity
SInv    .            n - +6 ring of strength
Will    .....        (no ring)
Stlth   +++          (no ring)
HPRegen 0.27/turn    (no ring)
MPRegen 0.10/turn    (no ring)
                     (no ring)

%: acrobat
@: beast-form
A: beast (slay +1), almost no armour, amphibious, 8 rings, camouflage 1,
gelatinous body 1, (nimble swimmer 1), tentacles, cold vulnerability 1, noise
suppression
a: Begin Untransformation


You were on level 5 of the Dungeon.
You were a hulking beast.
You visited 2 branches of the dungeon, and saw 6 of its levels.

You collected 1254 gold pieces.
You spent 1188 gold pieces at shops.

Inventory:

Missiles
 d - a throwing net (quivered)
Jewellery
 e - an amulet of the acrobat (around mantle)
 f - a ring of flight
 g - a +4 ring of protection (left tentacle)
 i - a +6 ring of dexterity (right tentacle)
 n - a +6 ring of strength (on tentacle)
Talismans
 b - a beast talisman
 c - a flux talisman
Wands
 h - a wand of mindburst (4)
Scrolls
 j - a scroll of identify
 k - a scroll of fear
 l - 3 scrolls of teleportation
 m - a scroll of poison
Potions
 a - 3 potions of lignification
 o - 2 potions of might {unknown}


   Skills:
 - Level 1.0 Fighting
 - Level 2.0 Dodging
 + Level 8.5 Unarmed Combat
 - Level 3.0 Shapeshifting


You had 6 spell levels left.
You didn't know any spells.
Your spell library contained the following spells:

 Spells                   Type           Power      Damage    Failure   Level
 Cigotuvi's Dreadful Rot  Necr/Alch/Air  0%         N/A       43%         2
 Inner Flame              Hex/Fire       0%         N/A       67%         3
 Ignite Poison            Fire/Alch      0%         N/A       97%         4
 Fireball                 Conj/Fire      0%         3d3       100%        5


Dungeon Overview and Level Annotations

Branches:
Dungeon (5/15)             Temple (1/1) D:4

Altars:
Ashenzari
Cheibriados
Dithmenos
Elyvilon
Gozag
Kikubaaqudgha
Makhleb
Nemelex Xobeh
Okawaru
Ru
Sif Muna
Trog
Wu Jian
Xom
Yredelemnul
Zin
The Shining One

Shops:
D:2 =   D:4 (


Innate Abilities, Weirdness & Mutations

You are a hulking beast.
Your limbs bulge with bestial killing power. (Slay +1)
You cannot wear most types of armour.
You are amphibious.
You can wear up to eight rings at the same time.
Your skin changes colour to match your surroundings (Stealth+).
Your rubbery body absorbs attacks. (AC +1, EV +1)
((You are camouflaged when in or above water. (Stealth+)))
You have tentacles for arms and can constrict up to eight enemies at once.
You are vulnerable to cold. (rC-)
You passively dampen the noise of your surroundings.


Message History

You closely miss the orc. You grab the orc. You squeeze the orc.
You kill the orc!
Found a stone staircase leading down.
You hear some strange, mumbled words.
A magic dart appears from out of thin air!
The magic dart hits you.
Things that are here:
a +0 whip; an orc corpse You tentacle-slap something.
Your squeeze misses something. You bludgeon something!
Reactivating autopickup.
You feel a bit more experienced. The orc hits you but does no damage.
You barely miss the orc. You grab the orc. You constrict the orc.
The orc misses you.
You bludgeon the orc!
You kill the orc!
Things that are here:
a +0 dagger; a +0 robe An ogre comes into view.
It is wielding a +0 giant club.
You see here a +0 whip.
Found a silvery potion.
The ogre shouts!
Things that are here:
a +0 whip; an orc corpse You tentacle-slap the ogre.
Your tentacle-slap misses the ogre.
The ogre is moderately wounded.
The ogre closely misses you.
You closely miss the ogre. You squeeze the ogre!
The ogre is heavily wounded.
You bludgeon the ogre!
The ogre is severely wounded.
The ogre hits you with a +0 giant club!!
Ouch! That really hurt!
You barely miss the ogre. You squeeze the ogre.
The ogre is almost dead.
You tentacle-slap the ogre. Your squeeze misses the ogre.
The ogre is almost dead.
The ogre hits you with a +0 giant club!!
Ouch! That really hurt!
You die...

......# #.....# ###...#####
#.#...# ........... ...#...#
# ........... #.####...# ..
.......#.## # #...####...
.........# ###..........
.......#.# ### ##..).........
.......#...#...#.O#)).....##
.......###......h##.......#
..............#####..#.......
..........#.# #..#.......
#..###..... #..#....... ..##
#..^ #..#....... ### ##.
#..>....### # .....!.## # #


You could see an ogre.

Vanquished Creatures
  An ogre (D:4)
  A howler monkey (D:5)
  A hound (D:5)
  3 orc priests
  Jessica (D:2)
  Terence (D:2)
  Natasha (thrice) (D:2)
  5 orc wizards
  An adder (D:5)
  5 gnolls
  2 dart slugs
  2 ribbon worms
  16 orcs
  9 bats
  3 endoplasms
  2 giant cockroaches (D:1)
  3 goblins
  8 hobgoblins
  4 jackals (D:1)
  4 quokkas
  5 ball pythons
  2 frilled lizards
  3 kobolds
  3 rats
88 creatures vanquished.

Notes
Turn   | Place    | Note
-------+----------+-------------------------------------------
     0 | D:1      | Hellonello the Octopode Shapeshifter began the quest for
                  | the Orb.
     0 | D:1      | Reached XP level 1. HP: 13/13 MP: 1/1
   153 | D:1      | Reached XP level 2. HP: 2/18 MP: 2/2
   558 | D:1      | Reached skill level 4 in Unarmed Combat
   579 | D:1      | Reached XP level 3. HP: 5/23 MP: 3/3
  1074 | D:2      | Noticed Natasha
  1082 | D:2      | Killed Natasha
  1083 | D:2      | Reached skill level 5 in Unarmed Combat
  1083 | D:2      | Reached XP level 4. HP: 11/28 MP: 4/4
  1211 | D:2      | Found a shadowy altar of Dithmenos.
  1261 | D:2      | Noticed Natasha
  1276 | D:2      | Killed Natasha
  1279 | D:2      | Noticed Natasha
  1284 | D:2      | Killed Natasha
  1285 | D:2      | Reached XP level 5. HP: 29/33 MP: 5/5
  1379 | D:2      | Noticed Terence
  1387 | D:2      | Killed Terence
  1461 | D:2      | Noticed Jessica
  1463 | D:2      | Killed Jessica
  1464 | D:2      | Reached skill level 6 in Unarmed Combat
  1574 | D:2      | Got the Directory of Sizzling Gases
  1641 | D:2      | Found Jualatz's Jewellery Boutique.
  1648 | D:2      | Identified a scroll of acquirement
  1648 | D:2      | Acquired 981 gold pieces
  1732 | D:2      | Bought a +4 ring of protection for 396 gold pieces
  1732 | D:2      | Bought a +6 ring of dexterity for 396 gold pieces
  2681 | D:4      | Reached XP level 6. HP: 38/38 MP: 6/6
  2709 | D:4      | Found Fentaf Atus's Weapon Boutique.
  2801 | D:4      | Gained mutation: You are vulnerable to cold. (rC-) [potion
                  | of mutation]
  2801 | D:4      | Gained mutation: You passively dampen the noise of your
                  | surroundings. [potion of mutation]
  2806 | D:4      | Reached skill level 7 in Unarmed Combat
  3184 | D:2      | Bought a +6 ring of strength for 396 gold pieces
  3302 | D:4      | Found a staircase to the Ecumenical Temple.
  3309 | Temple   | Entered the Ecumenical Temple
  3563 | D:4      | Found an ornate altar of the Wu Jian Council.
  3643 | D:5      | Entered Level 5 of the Dungeon
  3664 | D:4      | Reached XP level 7. HP: 22/43 MP: 7/7
  3845 | D:5      | Reached skill level 8 in Unarmed Combat
  4113 | D:5      | Mangled by an ogre

Illustrated notes

Levels and vault maps discovered:
D:1:      giann_bridges, layout_basic
D:2:      layout_basic, serial_shops, nicolae_shop_pleasant_corner_grove,
          basic_altar, uniq_jessica, uniq_natasha, uniq_terence
D:3:      layout_loops_ring
D:4:      layout_gridville, nzn_wu_jian_council_hall, minmay_temple_entry_fiery,
          minmay_misc_feat_more_columns, nicolae_inconvenience_store,
          guppyfry_early_orc_mine
D:5:      layout_rooms, minitemple
Temple:   eino_temple_rhombus

Skill      XL: |  1  2  3  4  5  6  7 |
---------------+----------------------+-----
Unarmed Combat | 4 5 6 7 8 |  8.5
Fighting       | |  1.0
Dodging        | |  2.0
Shapeshifting  | |  3.0

Action                     |  1- 3 |  4- 6 |  7- 9 || total
---------------------------+-------+-------+-------++-------
  Melee: Unarmed           |    58 |    81 |    46 ||   185
         Constrict         |    14 |    22 |    14 ||    50
         Tentacles         |     7 |    18 |    10 ||    35
         Punch             |     2 |     4 |     4 ||    10
    Use: Scroll            |     3 |     8 |       ||    11
         Potion            |       |     1 |       ||     1
   Stab: Sleeping          |     2 |     2 |     1 ||     5
 Armour: Skin              |    21 |    34 |    22 ||    77
  Dodge: Dodged            |    38 |    43 |    37 ||   118

Table legend: (Time is in decaauts)
 A = Elapsed time spent in this place.
 B = Non-inter-level travel time spent in this place.
 C = Inter-level travel time spent in this place.
 D = Time resting spent in this place.
 E = Time spent auto-exploring this place.
 F = Levels seen in this place.
 G = Mean time per level.
                   A        B        C        D        E       F      G
               +--------+--------+--------+--------+--------+-----+--------+
         Total |   4097 |   3769 |    328 |    790 |   2283 |   6 |  682.8 |
       Dungeon |   4044 |   3716 |    328 |    790 |   2283 |   5 |  808.8 |
        Temple |     52 |     52 |      0 |      0 |      0 |   1 |   52.0 |
               +--------+--------+--------+--------+--------+-----+--------+

Top non-repeatable levels by time:
     D:4: 1118 daAuts
     D:1: 917 daAuts
     D:2: 906 daAuts
     D:3: 888 daAuts
     D:5: 214 daAuts
  Temple: 52 daAuts
